 Dungeon Crawl Stone Soup version 0.26-a0-652-gafc20e3620 (webtiles) character file.

Game seed: 6337597565484869463

18 marklar909 the Sneak (level 2, -1/17 HPs)
             Began as a Kobold Brigand on Oct 3, 2020.
             Slain by Natasha (5 damage)
             ... on level 2 of the Dungeon.
             The game lasted 00:01:06 (983 turns).

marklar909 the Sneak (Kobold Brigand)                Turns: 983, Time: 00:01:06

Health: -1/17      AC:  3    Str:  8    XL:     2   Next: 90%
Magic:  2/2        EV: 14    Int: 12    God:
Gold:   110        SH:  0    Dex: 16    Spells: 1/1 levels left

rFire    . . .     SeeInvis .   a - +2 dagger
rCold    . . .     Faith    .   (shield restricted)
rNeg     . . .     Spirit   .   b - +0 robe
rPois    .         Reflect  .   (no helmet)
rElec    .         Harm     .   c - +0 cloak
rCorr    .         Rampage  .   (no gloves)
MR       .....                  (no boots)
Stlth    ++++......             (no amulet)
HPRegen  0.05/turn              (no ring)
MPRegen  0.08/turn              (no ring)

@: no status effects
A: small, nightstalker 3
a: no special abilities


You were on level 2 of the Dungeon.
You visited 1 branch of the dungeon, and saw 2 of its levels.

You collected 110 gold pieces.

Inventory:

Hand Weapons
 a - a +2 dagger (weapon)
Missiles
 d - 8 poisoned darts (quivered)
 e - 2 curare-tipped darts
Armour
 b - a +0 robe (worn)
 c - a +0 cloak (worn)
Jewellery
 j - a +4 ring of evasion {unknown}
Scrolls
 g - a scroll of teleportation {unknown}
 k - a scroll of identify {unknown}
 l - a scroll of random uselessness {unknown}
Potions
 f - a potion of stabbing {unknown}
 h - a potion of ambrosia {unknown}
 i - 2 potions of lignification {unknown}
 m - a potion of degeneration {unknown}


   Skills:
 + Level 2.1 Fighting
 + Level 3.0 Short Blades
 + Level 2.1 Throwing
 + Level 1.3 Dodging
 + Level 6.2 Stealth


You had one spell level left.
You didn't know any spells.
Your spell library was empty.

Dungeon Overview and Level Annotations

Branches:
Dungeon (2/15)

Altars:

Annotations:
D:2 Natasha


Innate Abilities, Weirdness & Mutations

You are small and have problems with some larger weapons.
You are completely attuned to the shadows.


Message History

Natasha is lightly wounded.
Natasha casts a spell at you. The magic dart hits you.
You aren't carrying any items that you can evoke.
You hit Natasha.
Natasha is moderately wounded.
Natasha barely misses you.
You hit Natasha.
Natasha is heavily wounded.
Natasha completely misses you.
You closely miss Natasha.
Natasha is heavily wounded.
Natasha claws you!
* * * LOW HITPOINT WARNING * * *
You hit Natasha.
Natasha is heavily wounded.
You hit Natasha but do no damage.
Natasha is heavily wounded.
Natasha claws you.
You die...

############
#..........#####
#..............#
#..h@..).......#
#..............#
...........#####
......(....#
...........#####
#########.....
#..... ####.....
.........


You could see Natasha.

Vanquished Creatures
  2 dart slugs (D:1)
  A giant cockroach (D:2)
  3 hobgoblins (D:1)
  A frilled lizard (D:1)
  3 goblins
  3 kobolds
  A rat (D:2)
14 creatures vanquished.

Notes
Turn   | Place    | Note
-------+----------+-------------------------------------------
     0 | D:1      | marklar909 the Kobold Brigand began the quest for the Orb.
     0 | D:1      | Reached XP level 1. HP: 12/12 MP: 1/1
   226 | D:1      | Reached XP level 2. HP: 9/17 MP: 2/2
   618 | D:1      | Reached skill level 6 in Stealth
   974 | D:2      | Noticed Natasha
   983 | D:2      | Slain by Natasha

Illustrated notes

Levels and vault maps discovered:
D:1:      dpeg_arrival_orchard, layout_basic
D:2:      layout_basic, nemelex_xobeh_ov_fountains_minmay, lemuel_crystal_altar,
          cheibrodos_gnoll_hut, uniq_natasha

Skill      XL: |  1  2 |
---------------+-------+-----
Short Blades   | 3 |  3.0
Stealth        | 6 |  6.2
Fighting       | |  2.1
Throwing       | |  2.1
Dodging        | |  1.3

Action                   || total
-------------------------++-------
Melee: Dagger            ||    40
 Stab: Sleeping          ||    10
Armor: Robe              ||     5
Dodge: Dodged            ||    11

Table legend: (Time is in decaauts)
 A = Elapsed time spent in this place.
 B = Non-inter-level travel time spent in this place.
 C = Inter-level travel time spent in this place.
 D = Time resting spent in this place.
 E = Time spent auto-exploring this place.
 F = Levels seen in this place.
 G = Mean time per level.
                   A        B        C        D        E       F      G
               +--------+--------+--------+--------+--------+-----+--------+
         Total |    977 |    962 |     15 |    137 |    719 |   2 |  488.5 |
       Dungeon |    977 |    962 |     15 |    137 |    719 |   2 |  488.5 |
               +--------+--------+--------+--------+--------+-----+--------+

Top non-repeatable levels by time:
     D:1: 798 daAuts
     D:2: 179 daAuts
